 Dungeon Crawl Stone Soup version 0.23.2-40-g277498a001 (webtiles) character file.

Game seed: 15578970822418856566

1103 Martska the Cleaver (level 8, 0/70 HPs)
             Began as a Minotaur Berserker on Sept 29, 2019.
             Was a Priest of Trog.
             Shot with an arrow by a centaur (4 damage)
             ... on level 5 of the Dungeon.
             The game lasted 00:14:50 (3489 turns).

Martska the Cleaver (Minotaur Berserker)            Turns: 3489, Time: 00:14:55

Health: 0/70       AC: 12    Str: 24    XL:     8   Next: 10%
Magic:  7/7        EV:  8    Int:  4    God:    Trog [***...]
Gold:   274        SH:  0    Dex: 10    Spells: 7/7 levels left

rFire    . . .     SeeInvis .   s - +2 war axe (freeze)
rCold    . . .     Gourm    .   (no shield)
rNeg     . . .     Faith    .   l - +0 plate armour
rPois    .         Spirit   .   (helmet restricted)
rElec    .         Reflect  .   (no cloak)
rCorr    .         Harm     .   (no gloves)
MR       ++...                  (no boots)
Stlth    ..........             (no amulet)
HPRegen  1.21/turn              (no ring)
MPRegen  0.10/turn              (no ring)

@: berserk cooldown, regenerating, slowed, very slow
A: retaliatory headbutt, horns 2
a: Berserk, Trog's Hand, Renounce Religion


You were on level 5 of the Dungeon.
You worshipped Trog.
Trog was most pleased with you.
You were not hungry.

You visited 1 branch of the dungeon, and saw 5 of its levels.

You collected 274 gold pieces.

Inventory:

Hand Weapons
 a - a +0 hand axe
 d - a +0 hand axe
 k - a +0 hunting sling
 s - a +2 war axe of freezing (weapon)
Armour
 l - a +0 plate armour (worn)
 v - a cursed +0 scale mail
Wands
 q - a wand of acid (5)
Scrolls
 b - a scroll of noise {unknown}
 e - 4 scrolls of identify
 i - 4 scrolls of remove curse
 j - 3 scrolls of teleportation {unknown}
 n - a scroll of magic mapping {unknown}
 p - 2 scrolls of amnesia {unknown}
 r - 3 scrolls of immolation {unknown}
Potions
 f - 2 potions of lignification {unknown}
 g - 3 potions of brilliance {unknown}
 h - a potion of heal wounds {unknown}
 m - 2 potions of curing {unknown}
 o - a potion of resistance {unknown}
 t - a potion of haste {unknown}
 u - a potion of agility {unknown}
Comestibles
 c - 4 rations


   Skills:
 + Level 6.1 Fighting
 + Level 9.0 Axes
 + Level 5.8 Armour
 + Level 3.2 Dodging
 + Level 0.7 Stealth


You had 7 spell levels left.
You didn't know any spells.
Your spell library was empty.

Dungeon Overview and Level Annotations

Branches:
Dungeon (5/15)
 Temple: D:4-7

Altars:
Hepliaklqana
Qazlal


Innate Abilities, Weirdness & Mutations

You reflexively headbutt those who attack you in melee.
You have a pair of horns on your head.


Message History

You kill the orc!
Trog accepts your kill.
You barely miss the orc. The orc hits you but does no damage.
The orc barely misses you.
A necrophage comes into view.
The centaur wields a +0 shortbow.
The centaur shoots an arrow.
The arrow hits you.
* * * LOW HITPOINT WARNING * * *
You closely miss the orc.
The orc is heavily wounded.
The centaur shoots an arrow.
The arrow hits you but does no damage. The orc closely misses you.
The centaur shoots an arrow.
The arrow hits you.
* * * LOW HITPOINT WARNING * * *
You slash the orc! You freeze the orc.
You kill the orc!
Trog accepts your kill.
The centaur shoots an arrow.
The arrow hits you!
* * * LOW HITPOINT WARNING * * *
The centaur shoots an arrow.
The arrow hits you.
You die...

.......(.....#....##.....#
..................##....##
.......(................##
.......(............##..##
..##.n.(.....)...... #..
#......(...####..#. ..
##.##.#(####...(## #..
###c))#....## ##
#..)@(..### ......####...#
.......# #.....# ........
#....## ##...... .....#
#...... ......# ##..#.
#.##.#


You could see a necrophage and a centaur.

Vanquished Creatures
  Sigmund (D:5)
  An ice beast (D:3)
  An ogre (D:4)
  2 centaurs (D:5)
  2 orc priests (D:4)
  A hound (D:4)
  A centaur skeleton (D:4)
  6 orc wizards
  2 bullfrog skeletons
  4 worker ants
  A hound skeleton (D:4)
  A worker ant zombie (D:5)
  5 adders
  A howler monkey skeleton (D:4)
  An ooze (D:1)
  5 worms
  3 dart slugs
  20 orcs
  A ball python (D:2)
  5 giant cockroaches
  5 hobgoblins
  4 jackals
  13 kobolds
  A quokka (D:2)
  11 bats
  3 frilled lizards
  8 goblins
  A leopard gecko skeleton (D:4)
  7 rats
117 creatures vanquished.

Notes
Turn   | Place    | Note
-------+----------+-------------------------------------------
     0 | D:1      | Martska the Minotaur Berserker began the quest for the Orb.
     0 | D:1      | Reached XP level 1. HP: 19/19 MP: 0/0
   176 | D:1      | Reached skill level 4 in Axes
   176 | D:1      | Reached XP level 2. HP: 26/27 MP: 1/1
   378 | D:1      | Reached ** piety under Trog
   561 | D:2      | Reached XP level 3. HP: 30/33 MP: 2/2
   780 | D:2      | Found a faded altar of an unknown god.
   891 | D:2      | Reached XP level 4. HP: 41/41 MP: 3/3
  1454 | D:3      | Reached skill level 5 in Axes
  1618 | D:3      | Reached XP level 5. HP: 47/47 MP: 4/4
  1651 | D:3      | Noticed an ice beast
  1660 | D:3      | Killed an ice beast
  1660 | D:3      | Reached skill level 5 in Fighting
  1660 | D:3      | Reached skill level 6 in Axes
  1784 | D:3      | Reached *** piety under Trog
  1784 | D:3      | Reached XP level 6. HP: 42/56 MP: 5/5
  2048 | D:4      | Noticed a fire elemental
  2049 | D:4      | Found a stormy altar of Qazlal.
  2168 | D:4      | Noticed an air elemental
  2168 | D:4      | Noticed a water elemental
  2274 | D:4      | Received a gift from Trog
  2542 | D:4      | Reached skill level 7 in Axes
  2557 | D:4      | Reached XP level 7. HP: 48/61 MP: 6/6
  3051 | D:4      | Found a hazy altar of Hepliaklqana.
  3053 | D:4      | Reached skill level 8 in Axes
  3364 | D:5      | Entered Level 5 of the Dungeon
  3402 | D:5      | Reached skill level 5 in Armour
  3458 | D:5      | Noticed Sigmund
  3477 | D:5      | Killed Sigmund
  3478 | D:5      | Reached XP level 8. HP: 28/70 MP: 7/7
  3480 | D:5      | Reached skill level 9 in Axes
  3489 | D:5      | Shot with an arrow by a centaur

Skill      XL: |  1  2  3  4  5  6  7  8 |
---------------+-------------------------+-----
Axes           | 4 5 6 7 8 9 |  9.0
Fighting       | 4 5 6 |  6.1
Armour         | 3 4 5 |  5.8
Dodging        | 3 |  3.2
Stealth        | |  0.7

Action                   |  1- 3 |  4- 6 |  7- 9 || total
-------------------------+-------+-------+-------++-------
Melee: Hand axe          |    79 |   142 |     5 ||   226
       Headbutt          |    11 |    29 |    14 ||    54
       War axe           |       |       |    37 ||    37
Invok: Berserk           |     1 |     2 |     1 ||     4
       Trog's Hand       |       |       |     2 ||     2
  Use: Scroll            |     3 |       |       ||     3
  Eat: Ration            |     1 |     2 |     1 ||     4
       Chunk             |       |     1 |       ||     1
Armor: Animal skin       |     5 |       |       ||     5
       Leather armour    |    14 |       |       ||    14
       Plate armour      |    44 |    96 |    39 ||   179
Dodge: Dodged            |    78 |    40 |    25 ||   143
